 Dungeon Crawl Stone Soup version 0.19.0-20-gbc5f0c6 (webtiles) character file.

1000639 Jerry the Swordmaster (level 27, -15/269 (273) HPs)
             Began as a Minotaur Gladiator on Nov 15, 2016.
             Was the Champion of the Shining One.
             Demolished by a reaper
             ... wielding a +2 scythe of slicing
             ... created by the effects of Hell
              (32 damage)
             ... on level 7 of the Iron City of Dis on Nov 17, 2016.
             The game lasted 12:51:08 (95410 turns).

Jerry the Swordmaster (Minotaur Gladiator)         Turns: 95410, Time: 12:51:09

HP:   -15/269 (273) AC: 22    Str: 26    XL:     27
MP:   48/48         EV: 36    Int:  9    God:    the Shining One [******]
Gold: 10145         SH:  6    Dex: 25    Spells: 7 memorised, 7 levels left

rFire  + + +     SeeInvis +     o - +9 eudemon blade (holy)
rCold  + + +     Gourm    .     a - +1 ring mail "Vaostith" {rC+ Regen+}
rNeg   + + +     Faith    .     u - +0 buckler "Xiumes" {rN+ Int+3}
rPois  +         Spirit   .     J - +0 hat "Subbiuva" {rElec MR+ Dex+2 SInv}
rElec  +         Reflect  .     Y - +2 cloak {MR+}
rCorr  .         Harm     .     H - +1 pair of gloves of Panentheism {rC+ Str+3}
MR     ++++.     Clarity  +     D - +1 pair of boots of Synchronized Stabbing {*Contam Str+4 Dex+8}
Stlth  ++........               A - amulet of regeneration
                                b - ring "Utaurok" {rPois rF+++ MP+9 Str-2 Dex-3}
                                l - ring "Heazuv" {*Slow +Fly rPois Slay+6 Stlth-}

@: glowing
A: retaliatory headbutt, horns 2, see invisible, clarity, cold resistance 1,
dopey 2, mutation resistance 1, poison resistance
a: Divine Shield, Cleansing Flame, Summon Divine Warrior, Renounce Religion,
Evoke Flight
}: 7/15 runes: barnacled, slimy, silver, obsidian, icy, bone, gossamer


You were on level 7 of the Iron City of Dis.
You worshipped the Shining One.
The Shining One was exalted by your worship.
You were not hungry.

You visited 18 branches of the dungeon, and saw 88 of its levels.
You visited 1 bazaar.
You also visited: Labyrinth, Ice Cave and Volcano.

You collected 11876 gold pieces.
You spent 1731 gold pieces at shops.

Inventory:

Hand Weapons
 o - a +9 eudemon blade of holy wrath (weapon)
Armour
 a - the +1 ring mail "Vaostith" (worn) {rC+ Regen+}
   (You found it on level 3 of the Lair of Beasts)

   It protects you from cold.
   It increases your rate of regeneration.
 u - the +0 buckler "Xiumes" (worn) {rN+ Int+3}
   (Okawaru gifted it to you on level 4 of the Vaults)

   It affects your intelligence (+3).
   It protects you from negative energy.
 D - the +1 pair of boots of Synchronized Stabbing (worn) {*Contam Str+4 Dex+8}
   (You found it on level 6 of the Dungeon)

   It affects your strength (+4).
   It affects your dexterity (+8).
   It causes magical contamination when unequipped.
 H - the +1 pair of gloves of Panentheism (worn) {rC+ Str+3}
   (You acquired it on level 3 of the Elven Halls)

   It affects your strength (+3).
   It protects you from cold.
 J - the +0 hat "Subbiuva" (worn) {rElec MR+ Dex+2 SInv}
   (You found it on level 3 of the Elven Halls)

   It affects your dexterity (+2).
   It insulates you from electricity.
   It affects your resistance to hostile enchantments.
   It lets you see invisible.
 Y - a +2 cloak of magic resistance (worn)
Jewellery
 b - the ring "Utaurok" (right hand) {rPois rF+++ MP+9 Str-2 Dex-3}
   (You found it on level 9 of the Dungeon)

   [ring of magical power]

   It affects your strength (-2).
   It affects your dexterity (-3).
   It renders you almost immune to fire.
   It protects you from poison.
   It affects your magic capacity (+9).
 d - the amulet "Febuvvic" {Spirit rF- rN+ Str+3 Dex+5}
   (You acquired it on level 2 of the Lair of Beasts)

   [amulet of guardian spirit]

   It causes incoming damage to be split between your health and magic.
   It affects your strength (+3).
   It affects your dexterity (+5).
   It makes you vulnerable to fire.
   It protects you from negative energy.
 l - the ring "Heazuv" (left hand) {*Slow +Fly rPois Slay+6 Stlth-}
   (You took it off a yaktaur on level 5 of the Vaults)

   [ring of poison resistance]

   It affects your accuracy and damage with ranged weapons and melee attacks
   (+6).
   It protects you from poison.
   It lets you fly.
   It may slow you when you take damage.
   It makes you less stealthy.
 A - an amulet of regeneration (around neck)
Wands
 r - a wand of teleportation (2/9)
 K - a wand of disintegration (4/24)
Scrolls
 h - 13 scrolls of immolation
 j - 26 scrolls of remove curse
 m - a scroll of teleportation
 n - 2 scrolls of summoning
 s - 5 scrolls of silence
 y - 3 scrolls of enchant armour
 I - 8 scrolls of fog
 M - 4 scrolls of recharging
 P - 2 scrolls of holy word
 Q - 7 scrolls of magic mapping
 V - 11 scrolls of fear
 W - 5 scrolls of blinking
Potions
 e - 6 potions of cure mutation
 k - 15 potions of curing
 w - 4 potions of resistance
 B - 4 potions of flight
 O - 6 potions of ambrosia
 R - 3 potions of cancellation
Books
 c - Baghimyi's Almanac of the Floating Voyage
   (You found it on level 7 of Cocytus)

   Spells                             Type                      Level
   a - Repel Missiles                 Charms/Air                   2
   b - Blink                          Translocation                2
   c - Force Lance                    Conjuration/Translocation    4
   d - Malign Gateway                 Summoning/Translocation      7
Miscellaneous
 G - 5 boxes of beasts
Comestibles
 f - 16 bread rations
 i - 30 fruits
 p - 9 royal jellies
 C - 26 meat rations


   Skills:
 O Level 27 Fighting
 O Level 27 Long Blades
 - Level 2.0 Throwing
 O Level 27 Armour
 O Level 27 Dodging
 + Level 16.4 Stealth
 - Level 4.0 Shields
 - Level 7.8 Charms
 - Level 11.3 Summonings
 - Level 5.9 Translocations
 - Level 6.9 Air Magic
 O Level 27 Invocations
 - Level 1.1 Evocations


You had 7 spell levels left.
You knew the following spells:

 Your Spells              Type           Power        Failure   Level  Hunger
a - Blink                 Tloc           N/A          10%         2    ###....
b - Repel Missiles        Chrm/Air       ##....       4%          2    ###....
c - Corona                Hex            #......      50%         1    ##.....
d - Invisibility          Hex            #.......     100%        6    #######
e - Swiftness             Chrm/Air       ##......     4%          2    ###....
f - Apportation           Tloc           ##........   6%          1    ##.....
g - Aura of Abjuration    Summ           ###.......   14%         5    ######.


Dungeon Overview and Level Annotations

Branches:
Dungeon (15/15)            Temple (1/1) D:4            Lair (6/6) D:11
 Shoals (4/4) Lair:4       Spider (4/4) Lair:4        Slime (5/5) Lair:5
    Orc (2/2) D:9             Elf (3/3) Orc:2        Vaults (5/5) D:13
  Crypt (3/3) Vaults:2       Tomb (1/3) Crypt:3      Depths (5/5) D:15
   Hell (1/1)                 Dis (7/7) Hell            Geh (7/7) Hell
    Coc (7/7) Hell            Tar (7/7) Hell            Zot (5/5) Depths:5

Altars:
Ashenzari
Cheibriados
Dithmenos
Elyvilon
Fedhas
Gozag
Hepliaklqana
Kikubaaqudgha
Makhleb
Nemelex Xobeh
Okawaru
Qazlal
Ru
Sif Muna
Trog
Uskayaw
Vehumet
Xom
Yredelemnul
Zin
The Shining One
Beogh
Lugonu

Shops:
D:4 (   D:7 ?   D:13 *   D:15 !   Orc:2 ([:*[   Elf:2 [   Vaults:2 *
Vaults:4 *   Vaults:5 (   Depths:1 *   Depths:4 %

Portals:
Hell: Lair:6 Hell** Depths:1 Depths:2 Depths:3 Depths:4 Depths:5
Abyss: Depths:1 Depths:4
Pandemonium: Depths:2 Depths:3
Ziggurat: Depths:3

Annotations:
Lair:2 exclusion: oklob plant
Depths:4 exclusion: orange crystal statue
Tar:5 exclusion: oklob plant


Innate Abilities, Weirdness & Mutations

You reflexively headbutt those who attack you in melee.
You have a pair of horns on your head.
You have supernaturally acute eyesight. (SInv)
You possess an exceptional clarity of mind.
Your flesh is cold resistant. (rC+)
You are very dopey. (Int -4)
You are somewhat resistant to further mutation.
Your system is resistant to poisons. (rPois)


Message History

A tormentor and 2 reapers come into view.
A reaper is wielding a scythe of slicing.
A reaper is wielding a scythe of protection.
You slash the tormentor!
The tormentor convulses!
The tormentor is severely wounded.
All of the chunks of flesh in your inventory have rotted away.
You hit the tormentor but do no damage.
The tormentor is severely wounded.
The tormentor calls on the powers of darkness!
Your body is wracked with pain!
* * * LOW HITPOINT WARNING * * *
The reaper hits you from afar with a scythe of slicing!!
* * * LOW HITPOINT WARNING * * *
x2 You hit the tormentor.
The tormentor convulses!
You kill the tormentor!
The Shining One accepts your kill.
You feel better. The reaper closely misses you. You furiously retaliate!
You headbutt the reaper.
The reaper hits you from afar with a scythe of slicing!!
You die...

.................#
##...............#
##############.............#
.............###...........#
.8.8.8.8.8.8.# ###.........#
.............########......#
..........2..'.....##......#
.........[...'.....#.......#
.......†.)2@.'.....##......#
######'''######.8...##......#
#.............#.....#....##.#
#.8.8.....8.8.#...).##''###.#
..#..8.)........#.8...#.)).#..#
..'.............#....['....'..#
..'.............#.....'....'..#
..#.............#.8..)#).[.#..#
#.8.8.......8.#..)).##')###.#


You could see 2 reapers.

Vanquished Creatures
  Antaeus (Coc:7)
  the Royal Jelly (Slime:5)
  Asmodeus (Geh:7)
  the Serpent of Hell (Coc:7)
  Ereshkigal (Tar:7)
  Mennas (Crypt:3)
  7 ancient liches
  2 orbs of fire
  Mara (Vaults:5)
  A juggernaut (Depths:3)
  The ghost of GordonOverkill the Intangible, a master HEBe of Trog (Zot:5)
  A greater mummy (Tomb:1)
  Sojobo (Crypt:2)
  17 shard shrikes
  Geryon (Hell)
  2 Killer Klowns (Zot:4)
  11 golden dragons
  Jory (Tomb:1)
  Arachne (Spider:3)
  8 bone dragons
  27 Tzitzimimeh
  10 Brimstone Fiends
  9 liches
  6 doom hounds
  8 iron giants
  2 electric golems
  Jorgrun (Vaults:4)
  17 tentacled monstrosities
  9 Hell Sentinels
  8 deep elf blademasters
  14 Ice Fiends
  4 Orb Guardians (Zot:5)
  5 deep elf master archers
  10 titans
  9 quicksilver dragons
  Frances (D:14)
  Murray (Hell)
  7 death cobs
  A kraken (Shoals:2)
  2 Executioners
  23 acid blobs
  An eldritch tentacle (Tar:6)
  Polyphemus (Shoals:3)
  8 tengu reavers
  Kirke (D:15)
  10 sphinxes
  20 shadow dragons
  5 revenants
  14 storm dragons
  Donald (Crypt:2)
  16 ancient champions
  6 draconian monks
  Ilsuiw (Shoals:4)
  11 azure jellies
  8 draconian scorchers
  6 ghost moths
  28 frost giants
  23 fire giants
  An orc warlord (Orc:2)
  11 balrugs
  9 deep elf sorcerers
  6 draconian zealots
  2 cacodemons
  13 vault wardens
  2 caustic shrike zombies
  8 draconian shifters
  A juggernaut zombie (Hell)
  14 iron dragons
  6 draconian knights
  4 curse skulls
  5 deep elf elementalists (Elf:3)
  6 emperor scorpions
  15 ironheart preservers
  7 ghouls (Crypt:2)
  5 elemental wellsprings
  17 very ugly things
  54 reapers
  5 entropy weavers
  8 draconian annihilators
  7 draconian callers
  The ghost of GsBirdie the Cleaver, a journeyman MiBe of Trog (Lair:5)
  A juggernaut skeleton (Depths:5)
  13 vampire knights
  25 war gargoyles
  33 stone giants
  5 green draconians
  11 white draconians
  11 black draconians
  13 deep elf annihilators
  9 deep elf demonologists
  The ghost of Timinator the Carver, a journeyman FoFi of Qazlal (IceCv)
  The ghost of Torgrim the Warrior, a journeyman MiBe of Trog (Lair:5)
  2 dire elephants (Lair:6)
  10 red draconians
  7 purple draconians
  Snorg (D:14)
  A spark wasp (shapeshifter) (Depths:2)
  13 mottled draconians
  13 yellow draconians
  6 eidola
  13 spark wasps
  12 ettins
  20 death oozes
  4 crystal guardians (Depths:4)
  7 merfolk javelineers
  11 deep elf death magi
  4 quicksilver dragon zombies
  2 minotaurs
  13 great orbs of eyes
  9 jiangshi
  9 blizzard demons
  20 ogre magi
  13 fire dragons
  11 mummy priests
  12 merfolk impalers
  3 deep elf high priests
  Fannar (Lair:1)
  20 yaktaur captains
  4 quicksilver dragon skeletons
  29 vault guards
  A spriggan air mage (Depths:4)
  9 rakshasas
  Erolcha (D:9)
  An ice dragon (shapeshifter) (Depths:3)
  4 catoblepae
  23 ice dragons
  A hell beast (Hell)
  2 death knights
  7 hydras
  10 centaur warriors
  A merfolk avatar (Shoals:4)
  A ghost crab (Tar:6)
  5 merfolk aquamancers
  2 satyrs
  3 death yaks (Shoals:3)
  A satyr (shapeshifter) (Vaults:4)
  23 dancing weapons
  5 deep troll earth magi
  5 tengu warriors
  2 alligator snapping turtles (Shoals:3)
  5 death scarabs (Tomb:1)
  10 hell hogs
  A spectral storm dragon (Depths:5)
  8 deep troll shamans
  3 orc high priests
  11 titan zombies
  7 spriggan berserkers
  19 vampire magi
  Sonja (Lair:2)
  Urug (Orc:2)
  9 iron golems
  12 soul eaters
  32 deep elf knights
  24 sun demons
  53 hell knights
  7 titan skeletons
  A sixfirhy (Lair:6)
  A storm dragon zombie (Dis:6)
  137 skeletal warriors
  A small abomination (Elf:1)
  A hellephant skeleton (Crypt:2)
  16 iron trolls
  9 unseen horrors
  A golden dragon zombie (Tar:1)
  14 shadow wraiths
  A death drake (Tar:3)
  7 wizards
  5 anaconda zombies
  3 storm dragon skeletons
  A ghost moth zombie (Tar:5)
  17 sea snakes
  13 flayed ghosts
  2 deep trolls (shapeshifter)
  2 unseen horrors (shapeshifter)
  7 glowing orange brains
  A swamp dragon (shapeshifter) (Depths:3)
  11 shadow demons
  10 harpies
  A harpy (shapeshifter) (D:15)
  17 deep elf archers
  31 deep trolls
  11 hill giants
  15 orc knights
  A kraken simulacrum (Coc:7)
  8 anaconda skeletons
  2 golden dragon skeletons
  5 shadow dragon zombies
  20 phantasmal warriors
  26 necromancers
  12 ironbrand convokers
  5 wolf spider zombies
  Pikel (D:7)
  3 iron dragon zombies
  37 ugly things
  21 orb spiders
  12 fauns
  6 orc sorcerers
  A sphinx zombie (Depths:5)
  4 shadow dragon skeletons
  3 shining eyes
  A mana viper (shapeshifter) (Vaults:5)
  6 human zombies
  3 stone giant zombies
  25 wolf spiders
  66 deep elf magi
  11 cyclopes
  2 iron dragon skeletons
  13 sirens
  4 frost giant zombies
  21 manticores
  9 elephants
  7 fire giant zombies
  4 frost giant skeletons
  4 stone giant skeletons
  38 moths of wrath
  5 dire elephant zombies
  2 eyes of devastation
  3 centaur zombies
  4 shock serpent zombies
  8 fire giant skeletons
  21 rust devils
  Joseph (D:8)
  17 vault sentinels
  7 molten gargoyles (Geh:7)
  5 water nymphs
  2 spriggan zombies
  2 titan simulacra (Coc:7)
  2 torpor snails
  An ice statue (IceCv)
  A guardian serpent (shapeshifter) (Vaults:3)
  2 dire elephant skeletons
  7 smoke demons
  An elephant slug zombie (Crypt:1)
  6 black mambas
  5 centaur skeletons
  6 orange demons (Lair:6)
  4 gargoyles (Crypt:3)
  16 hellions
  15 spiny frogs
  A storm dragon simulacrum (Coc:7)
  5 spectral swamp worms
  10 komodo dragons
  3 emperor scorpion zombies
  22 freezing wraiths
  2 yaktaurs (shapeshifter)
  A kobold demonologist (D:8)
  34 ice devils
  34 tormentors
  4 efreet
  A komodo dragon (shapeshifter) (Vaults:3)
  A catoblepas skeleton (Geh:5)
  4 anaconda simulacra
  3 rime drakes
  10 demonic crawlers
  A yaktaur zombie (Hell)
  67 yaktaurs
  3 spriggan skeletons
  A white draconian skeleton (Crypt:1)
  10 guardian mummies
  22 red devils
  12 hydra zombies
  4 silent spectres
  2 queen bees (shapeshifter)
  11 trolls
  A tengu conjurer (Depths:1)
  A troll (shapeshifter) (Elf:1)
  46 jumping spiders
  A minotaur zombie (Tar:7)
  38 two-headed ogres
  A wind drake (shapeshifter) (Elf:1)
  A queen bee (Spider:4)
  24 merfolk
  14 polar bears (IceCv)
  A hornet (shapeshifter) (Depths:3)
  18 hornets
  5 hydra skeletons
  10 blink frogs
  18 hippogriffs
  5 ettin zombies
  2 bog bodies
  6 wind drakes
  An iron dragon simulacrum (Depths:3)
  A tengu simulacrum (Vaults:2)
  A snapping turtle (shapeshifter) (Vaults:5)
  2 alligator zombies
  118 slime creatures
  2 ice dragon zombies
  11 snapping turtles
  A frost giant simulacrum (Depths:3)
  6 dream sheep
  2 elf zombies
  100 redbacks
  4 fire dragon zombies
  86 flying skulls
  7 ice dragon skeletons
  5 ettin skeletons
  A tarantella (shapeshifter) (Depths:2)
  2 spriggans (Depths:4)
  21 shadows
  A yak (shapeshifter) (D:15)
  3 air elementals (Elf:1)
  33 tarantellas
  5 vampires
  A wyvern (Lair:5)
  24 water elementals
  19 wraiths
  59 yaks
  11 fire dragon skeletons
  A fire bat (shapeshifter) (Vaults:5)
  5 ushabtiu
  12 fire bats
  3 black mamba skeletons
  4 basilisks
  7 hogs
  18 humans
  2 basilisks (shapeshifter)
  22 fire elementals
  2 mottled dragons (Vaults:1)
  5 hungry ghosts
  6 vampire mosquitoes
  A merfolk zombie (Crypt:3)
  A hill giant zombie (Crypt:1)
  An elf skeleton (Depths:3)
  A warg (Vaults:5)
  The ghost of AAAAA the Magician, an amateur OpWr of Vehumet (D:3)
  A gelid demonspawn zombie (Crypt:2)
  A spatial vortex (Coc:7)
  A monstrous demonspawn zombie (Dis:6)
  A soldier ant (shapeshifter) (Depths:2)
  10 water moccasins
  An infernal demonspawn zombie (Tar:4)
  8 spiny frog zombies
  39 hell hounds
  4 hydra simulacra (Coc:7)
  4 porcupines (Lair:3)
  An infernal demonspawn skeleton (Crypt:1)
  A sky beast (D:14)
  A merfolk skeleton (Tar:6)
  44 orc warriors
  2 swamp dragon zombies
  A hornet zombie (D:12)
  11 ice beasts
  3 black bears
  3 alligator simulacra
  5 eyes of draining
  An eye of draining (shapeshifter) (D:14)
  A fire dragon simulacrum (Depths:1)
  A spiny frog skeleton (Hell)
  69 ogres
  28 necrophages
  4 snapping turtle zombies
  20 wolves
  2 snapping turtle skeletons
  7 phantoms
  7 boggarts
  23 centaurs
  A dream sheep skeleton (Crypt:1)
  6 human skeletons
  A manticore skeleton (Geh:7)
  19 crocodiles
  13 big kobolds
  Blork the orc (D:5)
  A hippogriff zombie (Crypt:1)
  14 bullfrogs
  3 gnoll sergeants
  An earth elemental (Elf:3)
  A spiny frog simulacrum (Coc:7)
  A salamander skeleton (Crypt:2)
  An elf simulacrum (Vaults:1)
  A wyvern skeleton (D:14)
  3 scorpions
  26 killer bees
  64 wights
  3 electric eels
  A wolf zombie (Crypt:2)
  A howler monkey (D:13)
  8 lava snakes (Volcano)
  4 bullfrog zombies
  8 crimson imps
  3 human simulacra
  11 hounds
  6 jellies
  20 orc priests
  2 gnoll shamans (D:6)
  45 iron imps
  6 iguanas
  25 orc wizards
  6 worker ants
  A statue (D:5)
  A porcupine skeleton (Crypt:2)
  A killer bee zombie (D:9)
  2 hound zombies
  An ogre skeleton (Crypt:2)
  2 hound skeletons (D:6)
  29 mummies
  15 gnolls
  A howler monkey skeleton (D:6)
  3 worker ant zombies
  18 adders
  A swamp drake zombie (Crypt:2)
  18 shadow imps
  17 white imps
  4 oozes
  An adder skeleton (D:7)
  4 worms
  A dart slug (D:1)
  3 leopard geckos
  81 orcs
  A bat zombie (D:7)
  8 giant cockroaches
  12 goblins
  19 hobgoblins
  11 jackals
  28 kobolds
  7 quokkas
  A ball python (D:1)
  A ball python skeleton (D:5)
  4 bats
  A frilled lizard (D:5)
  A goblin skeleton (D:7)
  2 hobgoblin zombies (D:7)
  A jackal skeleton (D:9)
  3 jackal zombies
  2 kobold skeletons
  A kobold zombie (D:7)
  2 orc skeletons
  3 orc zombies (D:7)
  2 quokka skeletons
  5 rats
  A rat zombie (D:7)
  A crawling corpse (Elf:1)
  3 plants
  4 tentacles (Shoals:2)
4183 creatures vanquished.

Vanquished Creatures (collateral kills)
  An iron giant (Dis:7)
  3 sphinxes
  A revenant (Crypt:3)
  An azure jelly (Slime:5)
  2 draconian knights
  A deep elf sorcerer (Elf:3)
  A ghost moth (Zot:4)
  2 ghouls (Crypt:3)
  A draconian scorcher (Zot:4)
  A draconian zealot (Zot:1)
  A deep elf elementalist (Elf:3)
  A reaper (Dis:7)
  3 black draconians
  2 green draconians (Zot:1)
  A red draconian (Zot:4)
  A yellow draconian (Zot:1)
  A mottled draconian (Zot:5)
  2 death oozes (Slime:5)
  3 mummy priests (Tomb:1)
  A dancing weapon (Elf:2)
  A vampire mage (Crypt:3)
  A death scarab (Tomb:1)
  2 skeletal warriors (Crypt:3)
  A shadow demon (Dis:7)
  A deep elf archer (Elf:1)
  3 deep elf magi
  3 slime creatures (Slime:5)
  2 fire giant skeletons (Crypt:3)
  3 rust devils
  2 hellions
  A catoblepas zombie (Dis:7)
  A guardian mummy (Tomb:1)
  3 fire dragon skeletons (Crypt:3)
  3 flying skulls (Coc:7)
  A wraith (Crypt:3)
  An ushabti (Tomb:1)
  2 hungry ghosts (Crypt:3)
  A snapping turtle skeleton (Crypt:3)
  An earth elemental (Elf:1)
  An electric eel (Elf:3)
  An iron imp (Dis:7)
  4 mummies
  A white imp (Coc:7)
  A worm (Spider:4)
71 creatures vanquished.

Vanquished Creatures (others)
  A deep elf master archer (Vaults:5)
  3 eldritch tentacles
  A fire giant (Depths:3)
  A draconian scorcher (Zot:2)
  A deep elf annihilator (Elf:3)
  2 yaktaur captains
  A deep elf knight (Vaults:4)
  A shadow wraith (Vaults:4)
  2 deep elf archers
  A deep elf mage (Elf:2)
  11 yaktaurs
  A jumping spider (Spider:4)
  A flying skull (Coc:7)
  A tarantella (Spider:4)
  A redback (Spider:4)
  A shadow (Dis:7)
  A human (D:15)
  An iron imp (Dis:7)
  4 orcs
  7 fungi
  11 plants
  16 tentacles
  10 withered plants
80 creatures vanquished.

Grand Total: 4334 creatures vanquished

Notes
Turn   | Place    | Note
-------+----------+-------------------------------------------
     0 | D:1      | Jerry the Minotaur Gladiator began the quest for the Orb.
     0 | D:1      | Reached XP level 1. HP: 18/18 MP: 0/0
    71 | D:1      | Reached XP level 2. HP: 25/25 MP: 1/1
   266 | D:1      | Reached skill level 1 in Armour
   266 | D:1      | Reached XP level 3. HP: 30/31 MP: 2/2
   755 | D:2      | Found an iron altar of Okawaru.
   798 | D:2      | Became a worshipper of Warmaster Okawaru
   828 | D:2      | Reached XP level 4. HP: 39/39 MP: 3/3
   852 | D:2      | Found a burning altar of Makhleb.
  1207 | D:3      | Noticed AAAAA's ghost (amateur OpWr)
  1507 | D:3      | Reached skill level 1 in Invocations
  1922 | D:3      | Reached XP level 5. HP: 35/45 MP: 5/5
  2080 | D:3      | Killed AAAAA's ghost
  2080 | D:3      | Reached * piety under Okawaru
  2080 | D:3      | Reached skill level 5 in Long Blades
  2107 | D:3      | Reached XP level 6. HP: 47/51 MP: 6/6
  2795 | D:4      | Found a staircase to the Ecumenical Temple.
  2834 | Temple   | Entered the Ecumenical Temple
  2962 | D:4      | Reached skill level 5 in Armour
  3226 | D:4      | Found a hazy altar of Hepliaklqana.
  3388 | D:4      | Found Onwy's Antique Weapon Shoppe.
  3421 | D:5      | Entered Level 5 of the Dungeon
  3454 | D:5      | Reached XP level 7. HP: 57/57 MP: 8/8
  3569 | D:5      | Reached ** piety under Okawaru
  3805 | D:5      | Found a blossoming altar of Fedhas.
  3863 | D:5      | Found a radiant altar of Vehumet.
  3994 | D:5      | Noticed Blork the orc
  4034 | D:5      | Killed Blork the orc
  4039 | D:5      | Found a deep blue altar of Sif Muna.
  4333 | D:5      | Reached XP level 8. HP: 67/67 MP: 10/10
  4649 | D:5      | Reached skill level 5 in Fighting
  4723 | D:6      | Found a shattered altar of Ashenzari.
  4753 | D:6      | Got a steaming chain mail
  4765 | D:5      | Identified the +0 chain mail of the Prince of Darkness {MR+} (You found it on level 6 of the Dungeon)
  5192 | D:6      | Reached *** piety under Okawaru
  5382 | D:6      | Got a pair of slimy boots
  5388 | D:6      | Identified the +1 pair of boots of Synchronized Stabbing {*Contam Str+4 Dex+8} (You found it on level 6 of the Dungeon)
  5508 | D:6      | Found a shattered altar of Ashenzari.
  5575 | D:6      | Reached XP level 9. HP: 67/78 MP: 11/11
  5721 | D:6      | Found a bloodstained altar of Trog.
  5932 | D:7      | Found a glowing golden altar of the Shining One.
  6021 | D:7      | Found a sacrificial altar of Ru.
  6143 | D:7      | Reached **** piety under Okawaru
  6222 | D:7      | Found an ancient bone altar of Kikubaaqudgha.
  6350 | D:7      | Found Rojig's Magic Scroll Shop.
  6358 | D:7      | Bought a scroll of identify for 28 gold pieces
  6358 | D:7      | Bought a scroll of magic mapping for 49 gold pieces
  6358 | D:7      | Bought a scroll of fog for 28 gold pieces
  6359 | D:7      | Bought a scroll of identify for 28 gold pieces
  6359 | D:7      | Bought a scroll of identify for 28 gold pieces
  6359 | D:7      | Bought a scroll of identify for 28 gold pieces
  6610 | D:7      | Noticed Pikel
  6620 | D:7      | Killed Pikel
  6889 | D:8      | Noticed a kobold demonologist
  6911 | D:8      | Received a gift from Okawaru
  6917 | D:8      | Killed a kobold demonologist
  6917 | D:8      | Reached skill level 10 in Long Blades
  6971 | D:8      | Reached XP level 10. HP: 87/90 MP: 12/12
  7124 | D:8      | Reached skill level 10 in Armour
  7459 | D:8      | Got a transparent cloak
  7573 | D:8      | Noticed Joseph
  7615 | D:8      | Killed Joseph
  7615 | D:8      | Received a gift from Okawaru
  8338 | D:8      | Identified the cursed -2 cloak of the Bulwark {Int+3} (You found it on level 8 of the Dungeon)
  8359 | D:9      | Noticed a hill giant
  8416 | D:9      | Noticed Erolcha
  8428 | D:9      | Killed Erolcha
  8428 | D:9      | Reached ***** piety under Okawaru
  8428 | D:9      | Received a gift from Okawaru
  8617 | D:9      | Learned a level 2 spell: Blink
  8620 | D:9      | Learned a level 2 spell: Repel Missiles
  8622 | D:9      | Learned a level 1 spell: Corona
  8673 | D:9      | Killed a hill giant
  8827 | D:9      | Found a snail-covered altar of Cheibriados.
  8947 | D:9      | Found a staircase to the Orcish Mines.
  8955 | D:9      | Got a crude golden ring
  8956 | D:9      | Identified the ring "Utaurok" {rPois rF+++ MP+9 Str-2 Dex-3} (You found it on level 9 of the Dungeon)
  9003 | D:10     | Entered Level 10 of the Dungeon
  9004 | D:10     | Noticed a hill giant
  9012 | D:10     | Killed a hill giant
  9195 | D:10     | Reached XP level 11. HP: 88/95 MP: 13/13
  9291 | D:10     | Reached skill level 5 in Invocations
  9312 | D:10     | Reached skill level 5 in Dodging
  9561 | D:10     | Received a gift from Okawaru
  9710 | D:11     | Noticed an eight-headed hydra
  9711 | D:11     | Noticed a minotaur
  9711 | D:11     | an eight-headed hydra changed into a minotaur
  9717 | D:11     | Killed a minotaur
  9951 | D:11     | Noticed a hill giant
  9975 | D:11     | Killed a hill giant
 10394 | D:11     | Found a staircase to the Lair.
 10716 | Lair:1   | Entered Level 1 of the Lair of Beasts
 10723 | Lair:1   | Noticed Fannar
 10760 | Lair:1   | Killed Fannar
 10760 | Lair:1   | Received a gift from Okawaru
 11536 | Lair:2   | Reached XP level 12. HP: 103/103 MP: 15/15
 11648 | Lair:2   | Got a fine plate armour
 11724 | Lair:1   | Identified the +5 plate armour of the Cooper {MR+ Str+2 Int-2 Stlth+} (You found it on level 2 of the Lair of Beasts)
 11830 | Lair:2   | Noticed Sonja
 11853 | Lair:2   | Killed Sonja
 12292 | Lair:2   | Found a blossoming altar of Fedhas.
 12722 | Lair:3   | Got a scorched ring mail
 12891 | Lair:3   | Reached ****** piety under Okawaru
 12942 | Lair:3   | Received a gift from Okawaru
 13492 | Lair:3   | Identified the +1 ring mail "Vaostith" {rC+ Regen+} (You found it on level 3 of the Lair of Beasts)
 13510 | Lair:4   | Reached skill level 15 in Long Blades
 13540 | Lair:4   | Found a staircase to the Shoals.
 13560 | Lair:4   | Found a frozen archway.
 13592 | IceCv    | Entered an ice cave
 13879 | IceCv    | Reached skill level 10 in Dodging
 14060 | IceCv    | Noticed Timinator's ghost (journeyman FoFi)
 14079 | IceCv    | Killed Timinator's ghost
 14124 | IceCv    | Noticed a frost giant
 14147 | IceCv    | Killed a frost giant
 14147 | IceCv    | Received a gift from Okawaru
 14147 | IceCv    | Reached XP level 13. HP: 44/110 MP: 9/16
 14518 | Lair:4   | Found a hole to the Spider Nest.
 15221 | Lair:5   | Found a staircase to the Slime Pits.
 15333 | Lair:5   | Noticed GsBirdie's ghost (journeyman MiBe)
 15372 | Lair:5   | Killed GsBirdie's ghost
 15412 | Lair:5   | Noticed Torgrim's ghost (journeyman MiBe)
 15446 | Lair:5   | Killed Torgrim's ghost
 15668 | Lair:5   | Received a gift from Okawaru
 16143 | Orc:1    | Entered Level 1 of the Orcish Mines
 16619 | Orc:1    | Found a radiant altar of Vehumet.
 16772 | Orc:2    | Entered Level 2 of the Orcish Mines
 16868 | Orc:2    | Found a dark tunnel.
 16877 | Volcano  | Entered a volcano
 17029 | Volcano  | Noticed a red draconian
 17052 | Volcano  | Killed a red draconian
 17145 | Volcano  | Found a radiant altar of Vehumet.
 17373 | Orc:2    | Reached XP level 14. HP: 99/116 MP: 17/17
 17376 | Orc:2    | Noticed an orc warlord
 17377 | Orc:2    | Noticed Urug
 17572 | Orc:2    | Found Luguann's Armour Emporium.
 17628 | Orc:2    | Received a gift from Okawaru
 17767 | Orc:2    | Killed an orc warlord
 17794 | Orc:2    | Killed Urug
 18010 | Orc:2    | Found a roughly hewn altar of Beogh.
 18015 | Orc:2    | Found Ympelath's Book Shop.
 18246 | Orc:2    | Reached skill level 15 in Armour
 18336 | Orc:2    | Found a staircase to the Elven Halls.
 18464 | Orc:2    | Found Cupu's Antique Weapon Shop.
 18478 | Orc:2    | Found Maacoonu's General Store.
 18520 | Orc:2    | Found Oreqiy's Antique Armour Shop.
 18526 | Orc:2    | Bought a pair of embroidered boots for 367 gold pieces
 18687 | Elf:1    | Entered Level 1 of the Elven Halls
 18911 | Spider:1 | Entered Level 1 of the Spider Nest
 19432 | Spider:1 | Noticed an emperor scorpion
 19447 | Spider:1 | Killed an emperor scorpion
 19628 | Spider:1 | Received a gift from Okawaru
 19926 | Spider:2 | Noticed an emperor scorpion
 20017 | Spider:2 | Killed an emperor scorpion
 20057 | Spider:2 | Got a fine ring mail
 20146 | Spider:2 | Noticed an emperor scorpion
 20156 | Spider:2 | Killed an emperor scorpion
 20598 | Spider:2 | Received a gift from Okawaru
 20790 | Spider:2 | Reached XP level 15. HP: 67/123 MP: 18/18
 21679 | Spider:2 | Received a gift from Okawaru
 22603 | Spider:3 | Noticed a ghost moth
 22609 | Spider:3 | Killed a ghost moth
 22626 | Spider:3 | Gained mutation: You are dopey. (Int -2) [mutagenic meat]
 22627 | Spider:3 | Gained mutation: Your system is resistant to poisons. (rPois) [mutagenic meat]
 22628 | Spider:3 | Gained mutation: You have supernaturally acute eyesight. (SInv) [mutagenic meat]
 22629 | Spider:3 | Gained mutation: You are somewhat resistant to further mutation. [mutagenic meat]
 22631 | Spider:3 | Gained mutation: Your flesh is cold resistant. (rC+) [mutagenic meat]
 22631 | Spider:3 | Gained mutation: You possess an exceptional clarity of mind. [potion of mutation]
 22819 | Spider:3 | Noticed Arachne
 22856 | Spider:3 | Killed Arachne
 23022 | Spider:3 | Received a gift from Okawaru
 23404 | Spider:3 | Identified the +0 ring mail of Fosh {*Corrode rElec rPois} (You found it on level 2 of the Spider Nest)
 23468 | Spider:4 | Entered Level 4 of the Spider Nest
 23885 | Spider:3 | Noticed a ghost moth
 23890 | Spider:3 | Killed a ghost moth
 24664 | Spider:4 | Received a gift from Okawaru
 24763 | Spider:4 | Reached skill level 10 in Fighting
 25316 | Spider:4 | Received a gift from Okawaru
 26026 | Spider:3 | Reached XP level 16. HP: 109/134 MP: 19/19
 26297 | Spider:4 | Received a gift from Okawaru
 26666 | Spider:4 | Got a warped leather armour
 26959 | Spider:4 | Received a gift from Okawaru
 27359 | Spider:4 | Got a gossamer rune of Zot
 27673 | Lair:2   | Identified the +2 leather armour "Bifoavo" {*Drain rElec SInv} (You found it on level 4 of the Spider Nest)
 27676 | Lair:2   | Identified 2 scrolls of acquirement
 27754 | Shoals:1 | Entered Level 1 of the Shoals
 28771 | Shoals:1 | Noticed a kraken
 29421 | D:12     | Received a gift from Okawaru
 29697 | D:12     | Got a slimy triple sword {god gift}
 29698 | D:12     | Identified the +2 triple sword "Qeiphuum" {freeze, +Blink Int+4 Stlth+} (Okawaru gifted it to you on level 12 of the Dungeon)
 29797 | D:13     | Found Voghic's Blood Bar.
 30598 | D:13     | Reached XP level 17. HP: 134/140 MP: 20/20
 30730 | D:13     | Found a gate to the Vaults.
 31060 | D:14     | Noticed Snorg
 31067 | D:14     | Killed Snorg
 31358 | D:14     | Noticed Frances
 31378 | D:14     | Killed Frances
 31384 | D:14     | Received a gift from Okawaru
 31724 | D:14     | Found an ancient bone altar of Kikubaaqudgha.
 31740 | D:14     | Reached skill level 15 in Dodging
 31869 | D:15     | Entered Level 15 of the Dungeon
 31995 | D:15     | Found Kaip Zupn's Distillery.
 31999 | D:15     | Found a deep blue altar of Sif Muna.
 32012 | D:15     | Bought a potion of haste for 150 gold pieces
 32060 | D:15     | Noticed Kirke
 32103 | D:15     | Killed Kirke
 32103 | D:15     | Received a gift from Okawaru
 32252 | D:15     | Found a staircase to the Depths.
 33054 | D:15     | Got a shimmering robe {god gift}
 33055 | D:15     | Identified the +2 robe of Weightlessness {rC+ rN++ Int-4 SInv} (Okawaru gifted it to you on level 15 of the Dungeon)
 33091 | Depths:1 | Entered Level 1 of the Depths
 33526 | Depths:1 | Found a one-way gate to the infinite horrors of the Abyss.
 33591 | Depths:1 | Noticed a lich
 33611 | Depths:1 | Killed a lich
 33611 | Depths:1 | Reached skill level 1 in Shields
 34235 | Depths:1 | Received a gift from Okawaru
 34249 | Depths:1 | Noticed a lich
 34255 | Depths:1 | Killed a lich
 34284 | Depths:1 | Found Vemnorio's Pet Rocks.
 34462 | Depths:1 | Reached XP level 18. HP: 149/149 MP: 21/21
 34771 | Depths:1 | Received a gift from Okawaru
 34779 | Depths:1 | Found a gateway to Hell.
 35136 | Depths:2 | Found a shattered altar of Ashenzari.
 35245 | Depths:2 | Found a one-way gate leading to the halls of Pandemonium.
 35327 | Depths:2 | Noticed a golden dragon
 35344 | Depths:2 | Killed a golden dragon
 36383 | Depths:3 | Received a gift from Okawaru
 37247 | Depths:3 | Noticed a tentacled monstrosity
 37580 | Depths:3 | Killed a tentacled monstrosity
 37663 | Depths:3 | Reached XP level 19. HP: 146/162 MP: 22/22
 37818 | Depths:3 | Received a gift from Okawaru
 37884 | Depths:3 | Received a gift from Okawaru
 39207 | Depths:3 | Found a sacrificial altar of Ru.
 39254 | Depths:3 | Found a gateway to a ziggurat.
 39688 | Depths:3 | Got a coiled wooden ring
 39717 | Depths:3 | Noticed a juggernaut
 40735 | Depths:3 | Identified the Papyrus of Necromancy
 40744 | Depths:3 | Identified the ring "Tacypreff" {rF+ Str+3} (You took it off a yaktaur captain on level 3 of the Depths)
 40851 | Depths:3 | Killed a juggernaut
 41176 | Depths:3 | Received a gift from Okawaru
 42004 | Depths:4 | Reached XP level 20. HP: 164/176 MP: 24/24
 42045 | Depths:4 | Found Levonoju's Food Boutique.
 42182 | Depths:4 | Received a gift from Okawaru
 42288 | Depths:4 | Found a corrupted altar of Lugonu.
 42320 | Depths:4 | Found a runed door.
 42869 | Depths:4 | Noticed a golden dragon
 42960 | Depths:4 | Noticed a golden dragon
 42977 | Depths:4 | Killed a golden dragon
 43334 | D:13     | Found Voghic's Blood Bar.
 43416 | D:13     | Found a gate to the Vaults.
 43845 | Vaults:1 | Entered Level 1 of the Vaults
 43974 | Vaults:1 | Reached skill level 15 in Fighting
 44248 | Vaults:1 | Received a gift from Okawaru
 45014 | Vaults:1 | Received a gift from Okawaru
 45592 | Vaults:2 | Reached XP level 21. HP: 168/187 MP: 26/26
 46150 | Vaults:2 | Found Upapleon's Assorted Antiques.
 46405 | Vaults:2 | Found a staircase to the Crypt.
 47037 | Vaults:3 | Found a hide-covered altar of Uskayaw.
 47591 | Vaults:3 | Received a gift from Okawaru
 48443 | Vaults:3 | Found a gateway to a bazaar.
 48453 | Bazaar   | Entered a bazaar
 48453 | Bazaar   | Found Gufar's Antique Armour Boutique.
 48460 | Bazaar   | Found Founish's Magic Scroll Shoppe.
 48468 | Bazaar   | Found Kouphoh's Antique Weapon Shoppe.
 48497 | Bazaar   | Found Odwifuij's General Store.
 48497 | Bazaar   | Found Ogheyw's Gadget Emporium.
 48535 | Bazaar   | Bought a scroll of teleportation for 33 gold pieces
 48535 | Bazaar   | Bought a scroll of recharging for 104 gold pieces
 48535 | Bazaar   | Bought a scroll of enchant weapon for 82 gold pieces
 48565 | Bazaar   | Bought a potion of flight for 30 gold pieces
 48584 | Bazaar   | Bought a jewelled large shield for 199 gold pieces
 48594 | Bazaar   | Identified the +8 large shield "Ytolaew" {*Drain rF+ Str+5} (You bought it in a shop in a bazaar)
 48833 | Vaults:4 | Found Pyopn's Assorted Antiques.
 48845 | Vaults:4 | Bought a scroll of blinking for 247 gold pieces
 48845 | Vaults:4 | Bought an agate ring for 165 gold pieces
 48845 | Vaults:4 | Bought a shiny sapphire ring for 165 gold pieces
 49672 | Vaults:4 | Received a gift from Okawaru
 49682 | Vaults:4 | Got a slimy buckler {god gift}
 49685 | Vaults:4 | Identified the +0 buckler "Xiumes" {rN+ Int+3} (Okawaru gifted it to you on level 4 of the Vaults)
 49914 | Vaults:4 | Reached XP level 22. HP: 194/201 MP: 27/27
 50107 | Vaults:4 | Noticed Jorgrun
 50119 | Vaults:4 | Killed Jorgrun
 50943 | Lair:6   | Entered Level 6 of the Lair of Beasts
 51350 | Lair:6   | Found a labyrinth entrance.
 51364 | Lab      | Entered a labyrinth
 51737 | Lab      | Got a serpentine lapis lazuli ring
 51738 | Lab      | Got a brightly glowing quarterstaff {protect}
 51738 | Lab      | Got a warped robe
 51743 | Lab      | Got a warped diamond amulet
 51759 | Lair:6   | Identified the amulet "Maefol" {RegenMP SInv} (You found it in a labyrinth)
 51760 | Lair:6   | Identified the ring "Gev Demm" {rElec rN+ MR- MP+9} (You took it off a minotaur in a labyrinth)
 51761 | Lair:6   | Identified the +3 robe of Parts Unknown {MR++ Dex+4 Slay-4} (You took it off a minotaur in a labyrinth)
 51767 | Lair:6   | Identified the +4 quarterstaff "Embalmer" {protect, +Rage Str+4} (You took it off a minotaur in a labyrinth)
 51913 | Lair:6   | Found a burning altar of Makhleb.
 53502 | Shoals:2 | Received a gift from Okawaru
 54648 | Shoals:3 | Noticed Polyphemus
 54670 | Shoals:3 | Killed Polyphemus
 54883 | Shoals:4 | Entered Level 4 of the Shoals
 55068 | Shoals:4 | Noticed Ilsuiw
 55081 | Shoals:4 | Killed Ilsuiw
 55081 | Shoals:4 | Received a gift from Okawaru
 55280 | Shoals:4 | Reached skill level 27 in Long Blades
 55448 | Shoals:4 | Got a barnacled rune of Zot
 56951 | D:7      | Fell from the grace of Okawaru
 56951 | D:7      | Became a worshipper of the Shining One
 57186 | Crypt:1  | Entered Level 1 of the Crypt
 57214 | Crypt:1  | Reached * piety under the Shining One
 57235 | Crypt:1  | Reached XP level 23. HP: 185/215 MP: 28/28
 57366 | Crypt:1  | Reached ** piety under the Shining One
 57547 | Crypt:1  | Reached *** piety under the Shining One
 57569 | Crypt:1  | Got a coiled steel ring
 57570 | Crypt:1  | Identified the ring of Irgham {*Tele MR+} (You found it on level 1 of the Crypt)
 58131 | Crypt:1  | Reached **** piety under the Shining One
 58685 | Crypt:2  | Reached ***** piety under the Shining One
 59205 | Crypt:2  | Noticed Donald
 59208 | Crypt:2  | Killed Donald
 59215 | Crypt:2  | Noticed Sojobo
 59591 | Crypt:2  | Reached ****** piety under the Shining One
 59893 | Lair:2   | Identified a +7 eudemon blade of holy wrath (a +5 demon blade of venom blessed by the Shining One)
 59893 | Lair:2   | Received a gift from the Shining One
 60282 | Vaults:5 | Entered Level 5 of the Vaults
 60299 | Vaults:5 | Reached skill level 10 in Invocations
 61198 | Vaults:5 | Reached XP level 24. HP: 82/228 MP: 30/30
 62035 | Vaults:5 | Noticed Mara
 62037 | Vaults:5 | Noticed Jerry's illusion
 62062 | Vaults:5 | Killed Mara
 62725 | Vaults:5 | Found Den Samn's Antique Weapon Shoppe.
 62800 | Vaults:5 | Learned a level 6 spell: Invisibility
 62803 | Vaults:5 | Learned a level 2 spell: Swiftness
 62861 | Vaults:5 | Got a wavering turquoise ring
 63270 | Vaults:5 | Got a silver rune of Zot
 63398 | Vaults:5 | Identified the ring "Heazuv" {*Slow +Fly rPois Slay+6 Stlth-} (You took it off a yaktaur on level 5 of the Vaults)
 63419 | Vaults:5 | Got a warped scimitar {venom}
 63420 | Vaults:5 | Identified the +11 scimitar of the Last Hells {venom, rC+ rN++ Dex-4} (You took it off a deep elf annihilator on level 5 of the Vaults)
 63575 | Crypt:2  | Killed Sojobo
 64074 | Crypt:3  | Entered Level 3 of the Crypt
 64127 | Crypt:3  | Was forgiven by Okawaru
 64531 | Crypt:3  | Noticed Mennas
 64572 | Crypt:3  | Killed Mennas
 64958 | Crypt:3  | Found an ancient bone altar of Kikubaaqudgha.
 64972 | Crypt:3  | Noticed an ancient lich
 64977 | Crypt:3  | Killed an ancient lich
 64977 | Crypt:3  | Reached XP level 25. HP: 213/240 MP: 32/32
 65005 | Crypt:3  | Noticed an ancient lich
 65016 | Crypt:3  | Killed an ancient lich
 65037 | Crypt:3  | Learned a level 1 spell: Apportation
 65412 | Crypt:3  | Found a staircase to the Tomb.
 65776 | Crypt:3  | Got an ichor-stained dagger
 65777 | Crypt:3  | Identified the +8 dagger of the Valley of Death {vamp, Dex+2 SInv} (You found it on level 3 of the Crypt)
 67043 | Depths:5 | Entered Level 5 of the Depths
 67189 | Depths:5 | Got a jewelled scale mail
 67221 | Depths:5 | Identified the +5 scale mail "Zierufar" {rElec rPois rC+ rN+} (You found it on level 5 of the Depths)
 67269 | Depths:5 | Noticed an ancient lich
 67286 | Depths:5 | Killed an ancient lich
 67368 | Depths:5 | Identified Sif Muna's Disquisition on Unholy Rites
 67575 | Depths:5 | Found a gate to the Realm of Zot.
 68159 | Zot:1    | Entered Level 1 of the Realm of Zot
 68295 | Zot:1    | Noticed an orb of fire
 68305 | Zot:1    | Killed an orb of fire
 69379 | Zot:2    | Reached skill level 15 in Invocations
 69379 | Zot:2    | Reached XP level 26. HP: 244/249 MP: 33/33
 69414 | Zot:2    | Noticed an ancient lich
 69414 | Zot:2    | Noticed an orb of fire
 69414 | Zot:2    | Noticed an ancient lich
 69431 | Zot:2    | Killed an orb of fire
 69450 | Zot:2    | Killed an ancient lich
 69455 | Zot:2    | Killed an ancient lich
 71656 | Zot:4    | Reached XP level 27. HP: 191/262 MP: 33/33
 72435 | Zot:5    | Entered Level 5 of the Realm of Zot
 72449 | Zot:5    | Noticed GordonOverkill's ghost (master HEBe)
 72471 | Zot:5    | Killed GordonOverkill's ghost
 72740 | Zot:5    | Noticed an ancient lich
 72748 | Zot:5    | Killed an ancient lich
 72844 | Zot:5    | Noticed an ancient lich
 72856 | Zot:5    | Killed an ancient lich
 73366 | Lair:2   | Upgraded the game from 0.19.0-19-g8c6edcc to 0.19.0-20-gbc5f0c6
 73372 | Lair:2   | Got a pair of ichor-stained boots
 73373 | Lair:2   | Identified the -2 pair of boots of Benevolence {+Blink Str+4 Int+4} (You acquired it on level 2 of the Lair of Beasts)
 74688 | Elf:2    | Found Revyubb's Antique Armour Shop.
 74840 | Elf:2    | Found a huge runed gate.
 74840 | Elf:2    | Found a huge runed gate.
 74840 | Elf:2    | Found a huge runed gate.
 74840 | Elf:2    | Found a huge runed gate.
 74841 | Elf:2    | Found a huge runed gate.
 75341 | Elf:3    | Entered Level 3 of the Elven Halls
 76201 | Elf:3    | Got a fine scale mail
 76220 | Elf:3    | Identified the +0 scale mail "Guecy" {rC- rN+ SInv} (You found it on level 3 of the Elven Halls)
 76395 | Elf:3    | Got a shimmering plate armour
 76396 | Elf:3    | Identified the +3 plate armour of Zerisimp {Slay+3} (You found it on level 3 of the Elven Halls)
 76431 | Elf:3    | Identified the Incunabulum of Unholy Transformation
 76440 | Elf:3    | Got a brightly glowing ring mail
 76444 | Elf:3    | Got a brightly glowing hat
 76445 | Elf:3    | Identified the +1 ring mail of the Duchess {rN+ rCorr Int+3 Slay+3} (You found it on level 3 of the Elven Halls)
 76446 | Elf:3    | Identified the +0 hat "Subbiuva" {rElec MR+ Dex+2 SInv} (You found it on level 3 of the Elven Halls)
 76477 | Elf:3    | Got a warped scale mail
 76478 | Elf:3    | Identified the +0 scale mail "Aprybi Femi" {rCorr Str-3 Stlth+} (You found it on level 3 of the Elven Halls)
 76495 | Elf:3    | Got a pair of shimmering gloves
 76496 | Elf:3    | Identified the +1 pair of gloves of Panentheism {rC+ Str+3} (You acquired it on level 3 of the Elven Halls)
 76818 | Elf:3    | Learned a level 5 spell: Aura of Abjuration
 77174 | Slime:1  | Entered Level 1 of the Pits of Slime
 78072 | Slime:5  | Entered Level 5 of the Pits of Slime
 78497 | Slime:5  | Reached skill level 27 in Fighting
 78520 | Slime:5  | Gained mutation: You are very dopey. (Int -4) [a shining eye]
 78590 | Slime:4  | Reached skill level 27 in Armour
 78743 | Slime:5  | Noticed the Royal Jelly
 78750 | Slime:5  | Killed the Royal Jelly
 78798 | Slime:5  | Got a slimy iron ring
 78807 | Slime:5  | Got a jewelled plate armour
 78809 | Slime:5  | Got a slimy rune of Zot
 78823 | Slime:5  | Got a translucent lead amulet
 78829 | Slime:5  | Identified the amulet of Xeir {-Tele *Drain rPois Regen+ Dex+7} (You found it on level 5 of the Pits of Slime)
 78830 | Slime:5  | Identified the cursed +1 plate armour of Magic {rF+} (You found it on level 5 of the Pits of Slime)
 78831 | Slime:5  | Identified the ring of Joudis {rElec rPois MP+9 Int-3} (You found it on level 5 of the Pits of Slime)
 78870 | Slime:5  | Got a bloodstained war axe
 78871 | Slime:5  | Identified the +6 war axe "Zaddeeqoff" {venom, +Blink rC+ Str-5 Int+2} (You found it on level 5 of the Pits of Slime)
 79157 | Lair:2   | Got a warped ivory amulet
 79158 | Lair:2   | Identified the amulet "Febuvvic" {Spirit rF- rN+ Str+3 Dex+5} (You acquired it on level 2 of the Lair of Beasts)
 79570 | Tomb:1   | Entered Level 1 of the Tomb of the Ancients
 79729 | Tomb:1   | Reached skill level 27 in Dodging
 79746 | Tomb:1   | Noticed a greater mummy
 79761 | Tomb:1   | Killed a greater mummy
 80301 | Tomb:1   | Reached skill level 1 in Charms
 80336 | Tomb:1   | Noticed Jory
 80342 | Tomb:1   | Killed Jory
 81179 | Tomb:1   | Noticed a greater mummy
 82276 | Hell     | Entered the Vestibule of Hell
 82276 | Hell     | Noticed Geryon
 82292 | Hell     | Killed Geryon
 82449 | Hell     | Found a gateway to the Iron City of Dis.
 82535 | Hell     | Found a gateway to the freezing wastes of Cocytus.
 82607 | Hell     | Reached skill level 1 in Air Magic
 82658 | Hell     | Found a gateway to the decaying netherworld of Tartarus.
 82673 | Hell     | Noticed Murray
 82683 | Hell     | Killed Murray
 82719 | Hell     | Found a gateway to the ashen valley of Gehenna.
 82894 | Hell     | Reached skill level 5 in Charms
 83092 | Geh:1    | Entered Level 1 of Gehenna
 83656 | Geh:7    | Entered Level 7 of Gehenna
 84115 | Geh:7    | Reached skill level 5 in Air Magic
 84480 | Geh:7    | Noticed Asmodeus
 84493 | Geh:7    | Killed Asmodeus
 84525 | Geh:7    | Identified Woysub's Reference Book on the Torrid Entourage
 84528 | Geh:7    | Identified the Reference Book on Damaging Evil Arts
 84590 | Geh:7    | Got a transparent tin ring
 84592 | Geh:7    | Got a clouded glass ring
 84596 | Geh:7    | Got an iridescent long sword
 84605 | Geh:7    | Identified the Incunabulum of Mutagenic Summoning
 84640 | Geh:7    | Identified the ring "Ditt" {rPois SInv} (You found it on level 7 of Gehenna)
 84641 | Geh:7    | Identified the ring of Entrepreneurial Spirit {Fire rElec rPois Int+3} (You found it on level 7 of Gehenna)
 84642 | Geh:7    | Identified the +8 long sword "Osit" {freeze, *Corrode rPois MR++ Int+2} (You found it on level 7 of Gehenna)
 84648 | Geh:7    | Got an obsidian rune of Zot
 85461 | Tar:1    | Entered Level 1 of Tartarus
 85505 | Tar:1    | Reached skill level 1 in Summonings
 85538 | Tar:1    | Reached skill level 1 in Translocations
 86051 | Tar:4    | Reached skill level 5 in Summonings
 86407 | Tar:6    | Reached skill level 5 in Translocations
 86727 | Tar:7    | Entered Level 7 of Tartarus
 87030 | Tar:7    | Reached skill level 10 in Summonings
 87518 | Tar:7    | Noticed Ereshkigal
 88505 | Tar:7    | Killed Ereshkigal
 88522 | Tar:7    | Got a bone rune of Zot
 89921 | Coc:1    | Entered Level 1 of Cocytus
 89996 | Coc:2    | Reached skill level 1 in Stealth
 90050 | Coc:4    | Reached skill level 1 in Evocations
 90220 | Coc:6    | Reached skill level 5 in Stealth
 90301 | Coc:7    | Entered Level 7 of Cocytus
 90478 | Coc:7    | Reached skill level 10 in Stealth
 90830 | Coc:7    | Noticed the Serpent of Hell
 90842 | Coc:7    | Killed the Serpent of Hell
 91335 | Coc:7    | Noticed Antaeus
 91495 | Coc:7    | Killed Antaeus
 91512 | Coc:7    | Got an icy rune of Zot
 91553 | Coc:7    | Identified Baghimyi's Almanac of the Floating Voyage
 91558 | Coc:7    | Got an ichor-stained robe
 91562 | Coc:7    | Got a fine rapier
 91861 | Hell     | Identified the +1 robe of Giyriegu {rC+} (You found it on level 7 of Cocytus)
 91863 | Hell     | Identified the +4 rapier of Mandamus {holy, Int+7} (You found it on level 7 of Cocytus)
 91904 | Dis:1    | Entered Level 1 of the Iron City of Dis
 92762 | Dis:7    | Entered Level 7 of the Iron City of Dis
 92768 | Dis:7    | HP: 10/273 [iron golem (15)]
 92784 | Hell     | HP: 6/273 [reaper/scythe of slicing (17)]
 92784 | Hell     | The Shining One protects you from harm!
 93608 | Dis:6    | Reached skill level 27 in Invocations
 94187 | Dis:7    | Found a huge runed gate.
 94187 | Dis:7    | Found a huge runed gate.
 94187 | Dis:7    | Found a huge runed gate.
 94192 | Dis:7    | Found a huge runed gate.
 94192 | Dis:7    | Found a huge runed gate.
 94192 | Dis:7    | Found a huge runed gate.
 94193 | Dis:7    | Found a huge runed gate.
 94193 | Dis:7    | Found a huge runed gate.
 94200 | Dis:7    | Found a huge runed gate.
 94200 | Dis:7    | Found a huge runed gate.
 94200 | Dis:7    | Found a huge runed gate.
 94935 | Dis:7    | Reached skill level 15 in Stealth
 95408 | Dis:7    | HP: 13/269 [reaper/scythe of slicing[the effects of Hell] (6)]
 95410 | Dis:7    | Demolished by a reaper

Skill      XL: |  1  2  3  4  5  6  7  8  9 10 11 12 13 14 15 16 17 18 19 20 21 22 23 24 25 26 27 |
---------------+----------------------------------------------------------------------------------+-----
Long Blades    | 4 5 6 7 8 10 12 14 16 18 19 20 22 23 24 25 26 27 | 27.0
Fighting       | 3 4 6 8 10 12 14 15 17 19 21 22 23 24 27 | 27.0
Armour         | 1 2 3 5 6 8 9 11 12 14 16 18 19 20 21 22 23 24 27 | 27.0
Invocations    | 1 2 3 4 6 8 11 13 15 27 | 27.0
Dodging        | 4 8 11 12 14 15 16 17 18 20 21 22 23 24 27 | 27.0
Shields        | 4 |  4.0
Charms         | 7 |  7.8
Air Magic      | 6 |  6.9
Summonings     | 11 | 11.3
Translocations | 5 |  5.9
Stealth        | 16 | 16.4
Evocations     | 1 |  1.1
Throwing       | |  2.0

Action                   |  1- 3 |  4- 6 |  7- 9 | 10-12 | 13-15 | 16-18 | 19-21 | 22-24 | 25-27 || total
-------------------------+-------+-------+-------+-------+-------+-------+-------+-------+-------++-------
Melee: Long sword        |    58 |   164 |   346 |   229 |    35 |       |       |       |       ||   832
       Headbutt          |     8 |    19 |   104 |   193 |   393 |   510 |   657 |   875 |  1950 ||  4709
       Punch             |       |       |     2 |       |       |     1 |       |       |       ||     3
       Great sword       |       |       |       |   333 |  1006 |   260 |       |       |       ||  1599
       Double sword      |       |       |       |       |       |   619 |  1696 |  1226 |       ||  3541
       Triple sword      |       |       |       |       |       |   426 |    11 |    42 |  2144 ||  2623
       Eudemon blade     |       |       |       |       |       |       |       |   881 |  2589 ||  3470
Throw: Throwing net      |       |       |       |     3 |     4 |       |     1 |     4 |       ||    12
 Cast: Repel Missiles    |       |       |       |     2 |       |       |       |       |     2 ||     4
       Swiftness         |       |       |       |       |       |       |       |       |     2 ||     2
       Aura of Abjuratio |       |       |       |       |       |       |       |       |     1 ||     1
Invok: Heroism           |       |       |     3 |     3 |    29 |    39 |    36 |    15 |       ||   125
       Finesse           |       |       |       |     2 |     8 |     4 |     6 |     3 |       ||    23
       Divine Shield     |       |       |       |       |       |       |       |     6 |     1 ||     7
       Cleansing Flame   |       |       |       |       |       |       |       |     1 |       ||     1
       Brand Weapon With |       |       |       |       |       |       |       |     1 |       ||     1
       Summon Divine War |       |       |       |       |       |       |       |     2 |    23 ||    25
 Abil: Evoke Berserk Rag |       |     1 |     5 |     1 |       |       |       |       |       ||     7
       Evoke Flight      |       |       |       |       |       |       |       |       |    14 ||    14
Evoke: Wand              |       |       |     2 |     1 |     8 |     1 |     2 |     2 |     1 ||    17
       Phial of floods   |       |       |       |     1 |       |     1 |       |       |       ||     2
       Lamp of fire      |       |       |       |       |       |     1 |       |       |       ||     1
  Use: Scroll            |       |       |    18 |    13 |    11 |    13 |    11 |    34 |    40 ||   140
       Potion            |       |       |       |     2 |     7 |     1 |     2 |    18 |    24 ||    54
 Stab: Sleeping          |       |       |       |     1 |       |       |       |       |     3 ||     4
       Held in net/web   |       |       |       |       |     3 |       |     2 |       |       ||     5
       Distracted        |       |       |       |       |     1 |     1 |       |       |     1 ||     3
       Petrified         |       |       |       |       |       |     3 |       |       |       ||     3
       Invisible         |       |       |       |       |       |       |     5 |       |       ||     5
  Eat: Chunk             |       |     9 |    13 |    22 |    37 |    34 |    36 |    26 |    36 ||   213
       Beef jerky        |       |       |     1 |     1 |     2 |     2 |     2 |     1 |     4 ||    13
       Pizza             |       |       |     1 |     1 |     3 |       |     2 |     5 |     5 ||    17
       Fruit             |       |       |       |     1 |       |     2 |       |    10 |     1 ||    14
       Bread ration      |       |       |       |       |       |       |       |     1 |    10 ||    11
       Meat ration       |       |       |       |       |       |       |       |     1 |     4 ||     5
Armor: Chain mail        |    29 |    79 |   133 |    58 |       |       |       |       |       ||   299
       Leather armour    |     2 |       |       |       |       |       |       |       |       ||     2
       Troll leather arm |       |       |       |    58 |       |       |       |       |       ||    58
       Ring mail         |       |       |       |    52 |     1 |       |       |       |   360 ||   413
       Plate armour      |       |       |       |    10 |   591 |   526 |   429 |   708 |   722 ||  2986
Dodge: Dodged            |    18 |    80 |   146 |   365 |   773 |   930 |   820 |  1504 |  4184 ||  8820
       Deflected         |       |       |       |     3 |       |       |       |       |     7 ||    10
Block: Other             |       |     1 |       |       |       |     6 |     2 |     6 |     3 ||    18
       Buckler           |       |       |       |       |       |   182 |   694 |   636 |   371 ||  1883
       Reflection        |       |       |       |       |       |    10 |    74 |    38 |     4 ||   126
       Rpst.: Long sword |     3 |    21 |    47 |    28 |     3 |       |       |       |       ||   102
       Great sword       |       |       |       |    68 |   169 |    33 |       |       |       ||   270
       Triple sword      |       |       |       |       |       |    77 |     1 |    10 |   386 ||   474
       Double sword      |       |       |       |       |       |    63 |   153 |   181 |       ||   397
       Eudemon blade     |       |       |       |       |       |       |       |    79 |   404 ||   483
